 Dungeon Crawl Stone Soup version 0.22-a0-246-gdc04c06 (webtiles) character file.

37 varam the Ruffian (level 3, 0/32 HPs)
             Began as a Troll Transmuter on Feb 22, 2018.
             Slain by an adder (4 damage)
             ... on level 2 of the Dungeon.
             The game lasted 00:01:09 (442 turns).

varam the Ruffian (Troll Transmuter)                 Turns: 442, Time: 00:01:09

Health: 0/32       AC:  5    Str: 18    XL:     3   Next: 23%
Magic:  3/3        EV: 10    Int: 10    God:
Gold:   73         SH:  0    Dex: 10    Spells: 3/4 levels left

rFire    . . .     SeeInvis .     - Unarmed
rCold    . . .     Gourm    +   (no shield)
rNeg     . . .     Faith    .   b - +0 robe
rPois    .         Spirit   .   (helmet restricted)
rElec    .         Reflect  .   (no cloak)
rCorr    .         Harm     .   (gloves unavailable)
MR       .....                  (boots unavailable)
Stlth    +.........             (no amulet)
HPRegen  0.50/turn              (no ring)
MPRegen  0.08/turn              (no ring)

@: no status effects
A: large, unfitting armour, claws 3, fast metabolism 3, gourmand, regeneration
1, shaggy fur 1, tough skin 2
a: no special abilities


You were on level 2 of the Dungeon.
You were very full.

You visited 1 branch of the dungeon, and saw 2 of its levels.

You collected 73 gold pieces.

Inventory:

Missiles
 a - 12 arrows
 e - 17 sling bullets
 i - 2 silver javelins (quivered)
Armour
 b - a +0 robe (worn)
Scrolls
 h - a scroll of enchant weapon {unknown}
Potions
 d - a potion of invisibility {unknown}
 f - 2 potions of might {unknown}
Comestibles
 c - 3 rations
 g - 8 chunks of flesh


   Skills:
 - Level 0.7 Fighting
 - Level 1.5 Dodging
 * Level 4.0 Unarmed Combat
 - Level 1.2 Spellcasting
 + Level 1.9 Transmutations


You had 3 spell levels left.
You knew the following spells:

 Your Spells              Type           Power        Failure   Level  Hunger
a - Beastly Appendage     Tmut           #.....       16%         1    ##.....


Dungeon Overview and Level Annotations

Branches:
Dungeon (1/15)

Altars:


Innate Abilities, Weirdness & Mutations

You are too large for most types of armour.
You have claws for hands.
Your metabolism is lightning-fast.
You like to eat raw meat.
Your natural rate of healing is unusually fast.
You are covered in fur. (AC +1)
You have very tough skin. (AC +2)


Message History

The adder closely misses you. The kobold hits you with a short sword.
The adder bites you.
You closely miss the adder.
The adder is almost dead.
The kobold hits you with a short sword.
* * * LOW HITPOINT WARNING * * *
The adder bites you.
* * * LOW HITPOINT WARNING * * *
The kobold hits you with a short sword.
* * * LOW HITPOINT WARNING * * *
The adder barely misses you. The adder bites you.
* * * LOW HITPOINT WARNING * * *
You barely miss the adder.
The adder is almost dead.
The adder closely misses you.
You barely miss the adder.
The adder is almost dead.
The adder bites you.
You die...

########### #.........#
###.......<.#
............#
.............#
.#.##.........#
..........†...##
#...#..........########
........^.....KS@.....#
..............#####....#
..............# ###
......###.##### .....#
#.# #.... ... ##.. .....
# #.##.. ...


You could see an adder and a kobold.

Vanquished Creatures
  An adder (D:2)
  2 dart slugs (D:1)
  A leopard gecko (D:1)
  6 bats (D:1)
  A giant cockroach (D:1)
  3 goblins (D:1)
  A hobgoblin (D:1)
  A frilled lizard (D:1)
  3 kobolds (D:1)
  4 rats (D:1)
23 creatures vanquished.

Notes
Turn   | Place    | Note
-------+----------+-------------------------------------------
     0 | D:1      | varam the Troll Transmuter began the quest for the Orb.
     0 | D:1      | Reached XP level 1. HP: 18/18 MP: 1/1
    57 | D:1      | Reached XP level 2. HP: 22/26 MP: 2/2
   420 | D:1      | You fall through a shaft!
   427 | D:2      | Reached skill level 4 in Unarmed Combat
   427 | D:2      | Reached XP level 3. HP: 29/32 MP: 3/3
   439 | D:2      | HP: 3/32 [adder (5)]
   442 | D:2      | Slain by an adder

Vault maps used:
D:1:      evilmike_arrival_crescent
D:2:      led_sif_pool, grunt_qazlal_clouds, kiku_gazebo_pond_becter,
          first_ration, grunt_ministairs_15

Skill      XL: |  1  2 |
---------------+-------+-----
Unarmed Combat | 4 |  4.0
Fighting       | |  0.7
Dodging        | |  1.5
Spellcasting   | |  1.2
Transmutations | |  1.9

Action                   || total
-------------------------++-------
Melee: Unarmed           ||    76
       Punch             ||     1
  Eat: Chunk             ||     9
Armor: Robe              ||    29
Dodge: Dodged            ||    55

Table legend:
 A = Spawn XP
 B = Non-spawn XP
 C = Spawn XP percentage of total XP
 D = Spawn monster count
 E = Non-spawn monster count
 F = Spawn count percentage of total count
 G = Total turns spent on level
                    A         B        C        D         E        F      G
               +---------+---------+-------+---------+---------+-------+---------
         Total |       0 |      54 |   0.0 |       0 |      23 |   0.0 |   442
               +---------+---------+-------+---------+---------+-------+---------
           D:1 |       0 |      40 |   0.0 |       0 |      22 |   0.0 |   420
           D:2 |       0 |      14 |   0.0 |       0 |       1 |   0.0 |    22
               +---------+---------+-------+---------+---------+-------+---------
